 Dungeon Crawl Stone Soup version 0.25.1-8-g42b30a86e7 (webtiles) character file.

Game seed: 7194698749930138543

1448 Glucose the Cleaver (level 8, 0/71 HPs)
             Began as a Minotaur Berserker on Dec 8, 2020.
             Was an Elder of Trog.
             Slain by Maggie
             ... wielding a +2 war axe of draining
              (1 damage)
             ... on level 6 of the Dungeon.
             The game lasted 00:14:16 (4737 turns).

Glucose the Cleaver (Minotaur Berserker)            Turns: 4737, Time: 00:14:16

Health: 0/71       AC: 13    Str: 22    XL:     8   Next: 46%
Magic:  7/7        EV:  9    Int:  4    God:    Trog [****..]
Gold:   121        SH:  3    Dex: 12    Spells: 7/7 levels left

rFire    . . .     SeeInvis .   a - +1 hand axe
rCold    . . .     Gourm    .   I - +0 buckler
rNeg     + . .     Faith    .   l - +0 chain mail
rPois    .         Spirit   .   (helmet restricted)
rElec    .         Reflect  .   C - +0 cloak
rCorr    .         Harm     .   g - +0 pair of gloves
MR       .....                  y - +0 pair of boots
Stlth    ..........             f - amulet of regeneration
HPRegen  0.61/turn              B - ring of positive energy
MPRegen  0.10/turn              (no ring)

@: mesmerised, drained
A: retaliatory headbutt, horns 2
a: Berserk, Trog's Hand, Brothers in Arms, Renounce Religion


You were on level 6 of the Dungeon.
You worshipped Trog.
Trog was greatly pleased with you.
You were not hungry.

You visited 2 branches of the dungeon, and saw 7 of its levels.
You also visited: Sewer.

You collected 121 gold pieces.

Inventory:

Hand Weapons
 a - a +1 hand axe (weapon)
Armour
 g - a +0 pair of gloves (worn)
 l - a +0 chain mail (worn)
 y - a +0 pair of boots (worn)
 C - a +0 cloak (worn)
 I - a +0 buckler (worn)
Jewellery
 f - an amulet of regeneration (around neck)
 B - a ring of positive energy (left hand)
Wands
 n - a wand of clouds (3) (quivered)
 E - a wand of flame (22)
 H - a wand of enslavement (8)
Scrolls
 d - 3 scrolls of remove curse
 e - 2 scrolls of enchant weapon
 i - 3 scrolls of identify
 k - 3 scrolls of fear {unknown}
 m - 7 scrolls of teleportation
 r - 3 scrolls of magic mapping {unknown}
 t - a scroll of fog {unknown}
 v - 2 scrolls of immolation {unknown}
 x - a scroll of random uselessness {unknown}
 z - a scroll of noise {unknown}
 D - a scroll of enchant armour {unknown}
Potions
 b - 5 potions of curing {unknown}
 h - a potion of flight {unknown}
 j - 7 potions of heal wounds
 o - 2 potions of lignification {unknown}
 p - 4 potions of cancellation {unknown}
 q - 4 potions of might {unknown}
 s - a potion of magic {unknown}
 u - 2 potions of haste {unknown}
 w - a potion of stabbing {unknown}
 A - 3 potions of brilliance {unknown}
 G - a potion of resistance {unknown}
Comestibles
 c - 10 rations
 F - 2 chunks of flesh


   Skills:
 + Level 6.6(5.5) Fighting
 * Level 8.7(7.6) Axes
 + Level 6.1(5.1) Armour
 + Level 5.5(4.4) Dodging


You had 7 spell levels left.
You didn't know any spells.
Your spell library was empty.

Dungeon Overview and Level Annotations

Branches:
Dungeon (6/15)             Temple (1/1) D:4           Sewer (visited)

Altars:
Ashenzari
Cheibriados
Dithmenos
Gozag
Kikubaaqudgha
Makhleb
Nemelex Xobeh
Okawaru
Qazlal
Sif Muna
Trog
Uskayaw
Vehumet
Wu Jian
Xom
Yredelemnul
Zin
The Shining One

Shops:
D:4 (

Annotations:
D:6 Maggie


Innate Abilities, Weirdness & Mutations

You reflexively headbutt those who attack you in melee.
You have a pair of horns on your head.


Message History

Maggie mumbles some strange words.
Maggie attempts to bespell you!
You are mesmerised by Maggie!
You hit Maggie.
Maggie is severely wounded.
Maggie hits you with a +2 war axe of draining!
* * * LOW HITPOINT WARNING * * *
You partially resist.
You feel drained.
* * * LOW HITPOINT WARNING * * *
You hit Maggie. You headbutt Maggie!
Maggie is almost dead.
You hit Maggie but do no damage. Your headbutt misses Maggie.
Maggie is almost dead.
Maggie closely misses you.
You closely miss Maggie.
Maggie is almost dead.
Maggie hits you with a +2 war axe of draining.
* * * LOW HITPOINT WARNING * * *
You partially resist.
You feel drained.
You die...

... #.# #$# ##
#.##.. #.##.# #.##)#
#.##.####
#.#@@......
#.#.##.#######
#.............
##..##.###### #
#..##.##########.#
###................#
........############
###.##..#####
..........>.#


You could see Maggie (mesmerising).

Vanquished Creatures
  Prince Ribbit (D:6)
  Grinder (D:5)
  Duvessa (D:5)
  An ogre (D:5)
  2 bullfrogs (Sewer)
  Dowan (D:5)
  A howler monkey (D:4)
  A centaur zombie (D:5)
  2 hounds
  2 orc priests (D:5)
  A gnoll shaman (D:6)
  Terence (D:3)
  2 worker ants (D:6)
  2 iguanas
  9 gnolls
  6 adders
  5 river rats (Sewer)
  2 oozes
  An adder skeleton (D:4)
  3 worms
  4 dart slugs
  3 leopard geckos
  12 orcs
  4 bats
  2 giant cockroaches (D:3)
  7 goblins
  A hobgoblin (D:3)
  4 kobolds
  5 quokkas
  16 ball pythons
  6 frilled lizards
  A leopard gecko skeleton (D:4)
  A leopard gecko zombie (D:5)
  29 rats
140 creatures vanquished.

Notes
Turn   | Place    | Note
-------+----------+-------------------------------------------
     0 | D:1      | Glucose the Minotaur Berserker began the quest for the Orb.
     0 | D:1      | Reached XP level 1. HP: 19/19 MP: 0/0
   346 | D:1      | Reached XP level 2. HP: 27/27 MP: 1/1
   416 | D:1      | Reached skill level 4 in Axes
   980 | D:2      | Found a burning altar of Makhleb.
   994 | D:2      | Reached XP level 3. HP: 27/33 MP: 2/2
  1408 | D:2      | You fall into a shaft and drop 1 floor!
  1420 | D:3      | Reached XP level 4. HP: 40/40 MP: 3/3
  1525 | D:3      | Reached ** piety under Trog
  1525 | D:3      | Reached skill level 5 in Axes
  1528 | D:3      | Found a glowing drain.
  1548 | D:3      | Noticed Terence
  1558 | D:3      | Killed Terence
  1589 | Sewer    | Entered a sewer
  1627 | Sewer    | Reached XP level 5. HP: 27/47 MP: 4/4
  1844 | Sewer    | Reached *** piety under Trog
  1862 | Sewer    | Reached XP level 6. HP: 55/55 MP: 5/5
  1863 | Sewer    | Reached skill level 5 in Fighting
  1863 | Sewer    | Reached skill level 6 in Axes
  2303 | D:4      | Found Dokun's Antique Weapon Shop.
  2469 | D:4      | Found a snail-covered altar of Cheibriados.
  2471 | D:4      | Found a shattered altar of Ashenzari.
  2473 | D:4      | Found a shadowy altar of Dithmenos.
  2474 | D:4      | Found a bloodstained altar of Trog.
  2479 | D:4      | Found a glowing silver altar of Zin.
  2551 | D:4      | Found a staircase to the Ecumenical Temple.
  2561 | Temple   | Entered the Ecumenical Temple
  2851 | D:4      | Reached XP level 7. HP: 55/61 MP: 6/6
  3150 | D:5      | Entered Level 5 of the Dungeon
  3244 | D:5      | Noticed Duvessa
  3244 | D:5      | Noticed Dowan
  3261 | D:5      | Killed Dowan
  3261 | D:5      | Reached skill level 7 in Axes
  3261 | D:5      | Killed Duvessa
  3261 | D:5      | Reached **** piety under Trog
  3261 | D:5      | Reached skill level 5 in Armour
  3768 | D:5      | Noticed Grinder
  3784 | D:5      | Paralysed by Grinder for 7 turns
  3800 | D:5      | Killed Grinder
  3800 | D:5      | Reached skill level 8 in Axes
  3800 | D:5      | Reached skill level 5 in Dodging
  3800 | D:5      | Reached XP level 8. HP: 66/70 MP: 7/7
  4245 | D:6      | Noticed Prince Ribbit
  4257 | D:6      | Killed Prince Ribbit
  4633 | D:6      | Found a bloodstained altar of Trog.
  4714 | D:6      | Noticed Maggie
  4737 | D:6      | HP: 1/71 [Maggie/+2 war axe of draining (6)]
  4737 | D:6      | Slain by Maggie

Illustrated notes

Levels and vault maps discovered:
D:1:      ncdulo_watergridlock, layout_loops_ring
D:2:      layout_basic, makhleb_blood_cavern_becter, first_ration
D:3:      layout_rooms, portal_sewer_entry_a, minivault_25,
          grunt_decor_resistance, uniq_terence
D:4:      layout_loops_cross, minitemple, minmay_temple_entry_junction,
          serial_shops, shop
D:5:      layout_basic, uniq_grinder, uniq_duvessa
D:6:      lemuel_insect_pit, layout_basic, basic_altar, uniq_prince_ribbit1,
          uniq_maggie
Temple:   minmay_temple_bridge_abc

Skill      XL: |  1  2  3  4  5  6  7  8 |
---------------+-------------------------+-----
Axes           | 4 5 6 8 |  8.7
Fighting       | 4 5 6 |  6.6
Armour         | 3 4 5 6 |  6.1
Dodging        | 3 4 5 |  5.5

Action                   |  1- 3 |  4- 6 |  7- 9 || total
-------------------------+-------+-------+-------++-------
Melee: Hand axe          |    57 |   202 |   113 ||   372
       Headbutt          |     8 |    31 |    23 ||    62
Invok: Berserk           |       |     2 |     2 ||     4
       Trog's Hand       |       |       |     1 ||     1
  Use: Scroll            |       |     4 |       ||     4
  Eat: Chunk             |     2 |     7 |     1 ||    10
       Ration            |       |       |     2 ||     2
Armor: Animal skin       |     1 |       |       ||     1
       Chain mail        |    27 |   105 |    41 ||   173
       Leather armour    |     5 |       |       ||     5
Dodge: Dodged            |    40 |   116 |    55 ||   211
Block: Buckler           |       |       |     2 ||     2
